 Dungeon Crawl Stone Soup version 0.15-a0-2388-g9f833ab (webtiles) character file.

246 PolkaDot the Vexing (level 5, -15/35 HPs)
             Began as a Vampire Enchanter on Aug 2, 2014.
             Killed from afar by a goblin (18 damage)
             ... with an exploding inner flame
             ... hexed by the player character
             ... on Level 4 of the Dungeon.
             The game lasted 00:11:07 (3612 turns).

PolkaDot the Vexing (Vampire Enchanter)             Turns: 3612, Time: 00:11:08

HP -15/35        AC  7     Str  7      XL: 5   Next: 84%
MP   7/9         EV 12     Int 18      God:
Gold 86          SH  0     Dex 14      Spells:  3 memorised,  2 levels left

rFire  + . .     SeeInvis +     a - +2 dagger
rCold  + + .     Clarity  .     v - +2 robe {rF+}
rNeg   + + +     rCorr    .     (no shield)
rPois  +         rRot     +     g - +0 helmet
rElec  .         Spirit   .     (no cloak)
SustAb .         Warding  .     (no gloves)
rMut   .         Stasis   .     h - +1 pair of boots
Gourm  .                        (no amulet)
MR     .....                    r - ring of invisibility
                                p - ring of stealth

@: bloodless, non-regenerating, not resistant to hostile enchantments, quite
stealthy
A: fangs 3, see invisible, unbreathing
a: Bat Form, Evoke Invisibility


You were on level 4 of the Dungeon.
You were bloodless.

You visited 1 branch of the dungeon, and saw 4 of its levels.

You collected 86 gold pieces.

Inventory:

Hand weapons
 a - a +2 dagger (weapon)
Armour
 g - a +0 helmet (worn)
 h - a +1 pair of boots (worn)
 v - a +2 robe of fire resistance (worn)
Magical devices
 d - a wand of confusion (8)
Scrolls
 i - 3 scrolls of remove curse
Jewellery
 p - a ring of stealth (left hand)
 r - a ring of invisibility (right hand)
Potions
 b - a potion of magic
 e - 2 potions of cure mutation {!q}
 n - 2 potions of curing
 o - 2 potions of heal wounds
 t - 2 potions of degeneration {!q}
Books
 c - a book of Maledictions

   Spells                             Type                      Level
   *Corona                            Hexes                        1
   Sure Blade                         Hexes/Charms                 2
   *Ensorcelled Hibernation           Hexes/Ice                    2
   *Confuse                           Hexes                        3
   Dazzling Spray                     Conjuration/Hexes            3
   Enslavement                        Hexes                        4


   Skills:
 - Level 3.2 Short Blades
 - Level 2.1 Dodging
 + Level 5.5 Stealth
 - Level 2.0 Spellcasting
 + Level 6.1 Hexes
 - Level 1.4 Ice Magic
 * Level 2.7 Evocations


You had 2 spell levels left.
You knew the following spells:

 Your Spells              Type           Power        Failure   Level  Hunger
a - Corona                Hex            ###....      1%          1    #......
c - Confuse               Hex            ###.....     4%          3    ####...
d - Ensorcelled Hibernat  Hex/Ice        ###...       8%          2    ##.....


Dungeon Overview and Level Annotations

Branches:
Dungeon (4/15)
 Temple: D:4-7

Altars:
Cheibriados


Innate Abilities, Weirdness & Mutations

You do not heal naturally.
You have razor-sharp teeth.
You have supernaturally acute eyesight.
You can survive without breathing.


Message History

The goblin looks drowsy...
The hound closely misses you. The orc closely misses you.
The hound closely misses you.
The helpless goblin fails to defend itself.
You bite the goblin, and draw its blood!
You feel slightly less thirsty.
You slice the goblin!!
The goblin explodes!
The fiery explosion engulfs the hound.
The hound explodes!
The fiery explosion engulfs the orc.
The orc explodes!
The fiery explosion engulfs the hobgoblin.
The hobgoblin explodes!
The fiery explosion engulfs you! You resist.
Your Hexes skill increases to level 6!
The fiery explosion engulfs you! You resist.
Ouch! That really hurt!
* * * LOW HITPOINT WARNING * * *
The fiery explosion engulfs you! You resist.
Ouch! That really hurt!
You die...

.........
...........
.%%.........#
...%.........
..)(........
..%....§§.#
#..<.%§§§§.#
#.....§§§§.#
.##+####@###
#.# #.# #..
#.. #... #...
#...# #..


There were no monsters in sight!

Vanquished Creatures
  A scorpion (D:3)
  A hound (D:4)
  Jessica (D:3)
  5 adders
  A gnoll (D:1)
  A worm (D:2)
  An ooze (D:2)
  3 orcs
  9 bats
  A giant cockroach (D:2)
  9 goblins
  13 hobgoblins
  8 kobolds
  6 giant newts
  19 jackals
  2 quokkas (D:2)
  9 rats
90 creatures vanquished.

Notes
Turn   | Place    | Note
--------------------------------------------------------------
     0 | D:1      | PolkaDot, the Vampire Enchanter, began the quest for the Orb.
     0 | D:1      | Reached XP level 1. HP: 13/13 MP: 3/3
   288 | D:1      | Found a snail-covered altar of Cheibriados.
   349 | D:1      | Reached XP level 2. HP: 17/19 MP: 4/4
   898 | D:1      | Learned a level 2 spell: Ensorcelled Hibernation
   918 | D:1      | Reached XP level 3. HP: 17/24 MP: 6/6
  1301 | D:1      | Reached skill level 1 in Ice Magic
  1457 | D:2      | Learned a level 3 spell: Confuse
  1873 | D:2      | Reached skill level 5 in Hexes
  1873 | D:2      | Reached XP level 4. HP: 28/30 MP: 0/7
  2152 | D:2      | Reached skill level 1 in Evocations
  2651 | D:3      | Noticed Jessica
  2691 | D:3      | Killed Jessica
  2798 | D:3      | Reached XP level 5. HP: 35/35 MP: 1/9
  2995 | D:3      | Reached skill level 5 in Stealth
  3612 | D:4      | Reached skill level 6 in Hexes
  3612 | D:4      | Killed from afar by a goblin

Action                   |  1- 3 |  4- 6 || total
-------------------------+-------+-------++-------
Melee: Dagger            |   110 |    94 ||   204
       Short sword       |    54 |       ||    54
 Cast: Corona            |     6 |     1 ||     7
       Ensorcelled Hiber |    16 |    23 ||    39
 Abil: Evoke Invisibilit |       |     3 ||     3
       Turn Visible      |       |     1 ||     1
  Use: Scroll            |       |    13 ||    13
 Stab: Sleeping          |    20 |    27 ||    47
       Invisible         |       |     1 ||     1
